AoeStats
← dantuzzi10

Arena

510920580Analyzed
4v4 RM · 19h ago on Oct 3, 2026· 53m 7s· 8 players
Game mode
Random Map
Map size
Large (8 player)
Population
200
Speed
Normal
Resources
Standard
Victory
Conquest
Starting age
Dark Age
Ending age
Imperial Age
RankedLock teamsTeams togetherTeam positionsShared explorationLock speedFull tech treeHidden civsTurbo modeCheats
Victory
Defeat
🇦🇷 Persians · Argentina
1185
+16
🇨🇱 Lithuanians · Chile
1168
+17
🇦🇷 Bohemians · Argentina
1148
+17
🇦🇷 Huns · Argentina
1046
+22
🇨🇷 Bohemians · Costa Rica
1224
-19
🇨🇦 Armenians · Canada
1168
-18
🇨🇦 Khmer · Canada
1168
-18
🇵🇪 Huns · Peru
1146
-17
Wojtek
10:00 Feudal Age
10:31 Double-Bit Axe
10:23 Man-at-Arms
11:12 Horse Collar
14:19 Long Swordsman
16:31 Scale Mail Armor
17:05 Forging
17:34 Arson
25:38 Castle Age
24:16 Wheelbarrow
23:28 Loom
24:39 Gold Mining
24:41 Stone Mining
27:06 Bow Saw
26:58 Heavy Plow
27:19 Redemption
27:31 Sanctity
28:43 Gold Shaft Mining
30:11 Squires
33:58 Imperial Age
33:04 Chain Mail Armor
33:25 Iron Casting
32:59 Squires
33:23 Fervor
35:07 Block Printing
34:40 Two-Handed Swordsman
35:05 Gambesons
35:53 Plate Mail Armor
36:23 Blast Furnace
36:49 Theocracy
37:32 Illumination
36:33 Pikeman
37:20 Champion
38:15 Fereters
38:33 Conscription
38:18 Fletching
38:31 Halberdier
41:37 Bodkin Arrow
Pampuliupampam
3:35 Loom
8:39 Feudal Age
15:02 Castle Age
14:52 Double-Bit Axe
14:58 Double-Bit Axe
15:29 Loom
16:53 Bow Saw
20:08 Gold Mining
30:13 Horse Collar
31:40 Heavy Plow
31:46 Stone Mining
34:56 Gold Shaft Mining
34:56 Stone Shaft Mining
38:30 Gold Shaft Mining
38:30 Stone Shaft Mining
40:10 Forging
40:05 Scale Barding Armor
40:05 Tusk Swords
42:44 Imperial Age
40:54 Wheelbarrow
40:42 Bloodlines
40:33 Husbandry
41:46 Iron Casting
42:40 Ballistics
42:42 Murder Holes
43:20 Chain Barding Armor
44:49 Chemistry
43:55 Siege Engineers
45:10 Blast Furnace
44:45 Plate Barding Armor
44:44 Fletching
52:47 Crop Rotation
Unknown
10:23 Feudal Age
14:56 Castle Age
13:09 Double-Bit Axe
13:47 Horse Collar
16:03 Bow Saw
15:55 Heavy Plow
19:34 Wheelbarrow
25:03 Hand Cart
29:15 Imperial Age
26:40 Loom
27:09 Scale Barding Armor
27:14 Forging
27:58 Marauders
28:30 Town Watch
28:54 Husbandry
29:04 Bloodlines
29:35 Iron Casting
29:30 Chain Barding Armor
29:30 Elite Tarkan
31:25 Plate Barding Armor
31:51 Blast Furnace
33:13 Two-Man Saw
32:53 Fletching
33:40 Bodkin Arrow
35:58 Ballistics
47:55 Light Cavalry
49:21 Hussar
folly55
10:25 Feudal Age
14:17 Castle Age
12:55 Double-Bit Axe
16:43 Loom
19:56 Sanctity
21:30 Fervor
28:54 Wheelbarrow
28:07 Town Watch
28:38 Redemption
32:11 Imperial Age
31:36 Chemistry
30:56 Ballistics
30:39 Scale Mail Armor
30:45 Squires
30:44 Pikeman
32:18 Masonry
32:30 Chain Mail Armor
33:27 Fortified Wall
34:37 Halberdier
37:46 Conscription
39:30 Forging
39:57 Careening
41:26 Iron Casting
41:31 Plate Mail Armor
41:38 Horse Collar
44:29 Heavy Plow
49:43 Hand Cart
49:29 Town Patrol
AiM | Josema
10:23 Feudal Age
12:01 Loom
14:51 Castle Age
13:44 Double-Bit Axe
24:29 Town Watch
26:50 Wheelbarrow
26:26 Horse Collar
30:27 Imperial Age
29:41 Murder Holes
30:47 Forging
31:46 Bow Saw
32:11 Fletching
32:27 Heavy Plow
32:51 Hand Cart
33:46 Conscription
34:03 Elite Leitis
35:09 Bloodlines
34:23 Cavalier
36:14 Chemistry
36:05 Husbandry
38:21 Crop Rotation
38:10 Pikeman
40:11 Hoardings
41:04 Iron Casting
40:48 Squires
40:27 Man-at-Arms
41:00 Long Swordsman
41:27 Arson
41:09 Halberdier
41:53 Town Patrol
43:02 Two-Man Saw
41:41 Two-Handed Swordsman
43:39 Scale Barding Armor
45:07 Scale Mail Armor
44:44 Champion
45:50 Gold Mining
45:50 Stone Mining
49:46 Hoardings
49:26 Masonry
51:11 Sanctity
51:02 Fervor
Nitsuga
10:28 Feudal Age
14:26 Castle Age
13:16 Double-Bit Axe
13:22 Horse Collar
15:54 Bow Saw
20:45 Town Watch
20:55 Loom
21:47 Wheelbarrow
22:04 Heavy Plow
23:38 Hand Cart
24:33 Scale Barding Armor
25:58 Scale Barding Armor
26:06 Bloodlines
25:57 Husbandry
26:52 Gold Mining
29:45 Imperial Age
27:50 Chain Barding Armor
29:03 Forging
28:52 Stone Mining
29:28 Heavy Camel Rider
30:46 Plate Barding Armor
30:47 Iron Casting
30:54 Conscription
32:21 Town Patrol
34:06 Blast Furnace
33:56 Masonry
37:09 Fletching
38:19 Architecture
38:36 Ballistics
39:25 Two-Man Saw
38:56 Crop Rotation
39:36 Gold Shaft Mining
39:31 Kamandaran
40:09 Crossbowman
40:55 Thumb Ring
40:47 Bodkin Arrow
50:07 Padded Archer Armor
[Tps] Atila
11:50 Feudal Age
18:26 Castle Age
20:00 Double-Bit Axe
19:55 Horse Collar
25:21 Wheelbarrow
24:49 Heavy Plow
25:14 Bow Saw
27:34 Hand Cart
27:46 Gold Mining
33:25 Imperial Age
31:37 Scale Barding Armor
31:42 Forging
31:32 Marauders
32:56 Chain Barding Armor
32:46 Husbandry
32:58 Bloodlines
34:39 Iron Casting
33:31 Elite Tarkan
34:32 Conscription
35:29 Plate Barding Armor
36:23 Blast Furnace
40:03 Two-Man Saw
43:45 Caravan
47:18 Stone Mining
dantuzzi10
7:27 Loom
10:51 Feudal Age
15:17 Castle Age
14:39 Double-Bit Axe
16:11 Bow Saw
21:22 Fletching
30:30 Wheelbarrow
37:45 Imperial Age
35:07 Horse Collar
35:47 Hand Cart
35:52 Fervor
38:35 Scale Barding Armor
39:16 Conscription
38:46 Light Cavalry
39:27 Husbandry
43:51 Sanctity
43:51 Block Printing
46:08 Chain Barding Armor
46:00 Forging
47:22 Chemistry
46:32 Siege Engineers
47:26 Wagenburg Tactics
49:00 Houfnice
Connection lost

Rejoining the realm…

Still unreachable

The connection could not be restored.

Session expired

The server has moved on; the page needs a fresh start.